 Dungeon Crawl Stone Soup version 0.26-a0-652-gafc20e3620 (webtiles) character file.

Game seed: 14834943740025664430

867 snetch the Cleaver (level 8, -5/70 HPs)
             Began as a Hill Orc Monk on Oct 2, 2020.
             Slain by a mummy (13 damage)
             ... in an ossuary.
             The game lasted 00:10:56 (3325 turns).

snetch the Cleaver (Hill Orc Monk)                  Turns: 3325, Time: 00:10:58

Health: -5/70      AC:  9    Str: 22    XL:     8   Next: 3%
Magic:  8/8        EV: 11    Int: 10    God:
Gold:   176        SH:  0    Dex: 13    Spells: 7/7 levels left

rFire    . . .     SeeInvis .   a - +1 hand axe (venom)
rCold    . . .     Faith    .   (no shield)
rNeg     . . .     Spirit   .   G - +0 scale mail
rPois    +         Reflect  .   A - +0 helmet
rElec    .         Harm     .   s - +0 cloak
rCorr    .         Rampage  .   (no gloves)
MR       .....                  (no boots)
Stlth    +.........             (no amulet)
HPRegen  0.21/turn              i - ring of poison resistance
MPRegen  0.11/turn              B - +6 ring of strength

@: marked
A: no striking features
a: no special abilities


You were in an ossuary.
You visited 1 branch of the dungeon, and saw 5 of its levels.
You also visited: Ossuary.

You collected 176 gold pieces.

Inventory:

Hand Weapons
 a - a +1 hand axe of venom (weapon)
 b - the +3 sling "Punk" {acid, rCorr}
   (You found it on level 5 of the Dungeon)

   It provides partial protection from all sources of acid and corrosion.
 e - a cursed -2 dagger
 n - a +1 dagger of pain
 q - a +2 long sword of holy wrath
 w - a +1 dagger of pain
 x - a +0 flail
 F - a +0 trident
 I - a +2 dagger of venom
Missiles
 h - 106 stones (quivered)
 m - 22 bolts
 t - 5 silver javelins
 v - 30 arrows
 y - 5 curare-tipped darts
 H - 121 sling bullets
 K - 4 boomerangs
Armour
 s - a +0 cloak (worn)
 A - a +0 helmet (worn)
 D - a +2 robe of magic resistance
 G - a +0 scale mail (worn)
Jewellery
 i - a ring of poison resistance (left hand)
 u - an uncursed ring of wizardry
 B - a +6 ring of strength (right hand)
 M - an uncursed amulet of faith {unknown}
Scrolls
 f - a scroll of fear {unknown}
 g - 7 scrolls of identify {unknown}
 j - 2 scrolls of magic mapping {unknown}
 k - 2 scrolls of remove curse {unknown}
 o - a scroll of teleportation {unknown}
 p - 3 scrolls of amnesia {unknown}
 r - a scroll of noise {unknown}
 J - a scroll of random uselessness {unknown}
 L - a scroll of enchant armour {unknown}
Potions
 c - 2 potions of stabbing {unknown}
 d - a potion of brilliance {unknown}
 l - 4 potions of heal wounds
 z - 4 potions of curing
 C - a potion of haste {unknown}
 E - a potion of might {unknown}


   Skills:
 + Level 5.8 Fighting
 + Level 8.7 Axes
 + Level 3.1 Armour
 + Level 3.4 Dodging
 + Level 3.2 Stealth


You had 7 spell levels left.
You didn't know any spells.
Your spell library was empty.

Dungeon Overview and Level Annotations

Branches:
Dungeon (5/15)            Ossuary (1/1)
 Temple: D:4-7

Altars:
Fedhas
Gozag
Zin

Annotations:
D:1 deep water


Message History

You closely miss the mummy.
The mummy is moderately damaged.
You hit the mummy. You hit the centaur zombie.
You barely miss the hobgoblin zombie. You hit the mummy.
You destroy the mummy!
The centaur zombie hits you but does no damage.
Unknown command.
You slash the mummy!
The mummy is almost destroyed.
You hit the centaur zombie. You hit the hobgoblin zombie.
You hit the mummy but do no damage.
The centaur zombie hits you but does no damage.
The centaur zombie sets off the alarm!
The alarm trap emits a blaring wail!
The mark upon you grows brighter.
A centaur zombie comes into view.
The hobgoblin zombie barely misses you. The mummy hits you.
* * * LOW HITPOINT WARNING * * *
The mummy hits you!
You die...

#
#.###########
............##
^......Z.M...#
.Z^.ZZZZ@M...#
.......Z.....#
^...........##
#.###########
#


You could see 2 mummies, a hobgoblin zombie, a big kobold zombie and 5 centaur
zombies.

Vanquished Creatures
  Grinder (D:5)
  Sigmund (D:3)
  A sky beast (D:5)
  An ogre (D:4)
  A howler monkey (D:5)
  3 jellies
  Jessica (D:2)
  A mummy (Ossuary)
  5 adders (D:2)
  4 gnolls
  2 ufetubi (D:5)
  An adder zombie (D:5)
  3 worms
  2 dart slugs
  A leopard gecko (D:3)
  5 orcs
  5 bats
  15 goblins
  7 hobgoblins
  4 jackals (D:2)
  A quokka (D:3)
  7 frilled lizards
  A jackal zombie (D:5)
  11 kobolds
  4 rats
88 creatures vanquished.

Vanquished Creatures (others)
  A plant (D:5)
1 creature vanquished.

Grand Total: 89 creatures vanquished

Notes
Turn   | Place    | Note
-------+----------+-------------------------------------------
     0 | D:1      | snetch the Hill Orc Monk began the quest for the Orb.
     0 | D:1      | Reached XP level 1. HP: 19/19 MP: 1/1
   181 | D:1      | Reached XP level 2. HP: 16/27 MP: 2/2
   522 | D:1      | Reached XP level 3. HP: 29/33 MP: 3/3
   653 | D:2      | Reached skill level 5 in Axes
  1078 | D:2      | Reached XP level 4. HP: 39/41 MP: 4/4
  1264 | D:2      | Noticed Jessica
  1267 | D:3      | Found a faded altar of an unknown god.
  1308 | D:2      | Killed Jessica
  1308 | D:2      | Reached skill level 1 in Armour
  1308 | D:2      | Reached XP level 5. HP: 22/47 MP: 5/5
  1516 | D:2      | Found a blossoming altar of Fedhas.
  1522 | D:2      | Reached skill level 6 in Axes
  1716 | D:3      | Found a glowing silver altar of Zin.
  2178 | D:3      | Noticed Sigmund
  2186 | D:3      | Killed Sigmund
  2186 | D:3      | Reached skill level 5 in Fighting
  2186 | D:3      | Reached skill level 7 in Axes
  2186 | D:3      | Reached XP level 6. HP: 56/56 MP: 6/6
  2496 | D:4      | Reached XP level 7. HP: 48/61 MP: 7/7
  2604 | D:5      | Entered Level 5 of the Dungeon
  2644 | D:5      | Noticed Grinder
  2657 | D:5      | Paralysed by Grinder for 2 turns
  2660 | D:5      | Killed Grinder
  2660 | D:5      | Reached skill level 8 in Axes
  3004 | D:5      | Found the +3 sling "Punk" {acid, rCorr}
  3215 | D:5      | Found an opulent altar of Gozag.
  3240 | D:5      | HP: 1/62 [acid (10)]
  3296 | D:5      | Reached XP level 8. HP: 8/70 MP: 8/8
  3305 | D:5      | Found a sand-covered staircase.
  3312 | Ossuary  | Entered an ossuary
  3325 | Ossuary  | Slain by a mummy

Illustrated notes

Levels and vault maps discovered:
D:1:      evilmike_arrival_crescent, layout_rooms, lemuel_another_geyser
D:2:      layout_rooms, nicolae_overflow_crystal_walls, uniq_jessica
D:3:      layout_loops_cross, lemuel_crystal_altar,
          chequers_ecumenical_altar_simple_redux, uniq_sigmund
D:4:      layout_loops_cross, xom_teletrap_fun, minmay_temple_entry_offerings,
          serial_shops, nicolae_shop_stone
D:5:      corexii_shantytown, layout_loops_ring, enter_ossuary_4,
          grunt_gozag_statues, uniq_grinder
Ossuary:  ossuary_the_hunt_dpeg

Skill      XL: |  1  2  3  4  5  6  7 |
---------------+----------------------+-----
Fighting       | 4 5 |  5.8
Axes           | 5 7 8 |  8.7
Armour         | 1 2 3 |  3.1
Stealth        | 2 3 |  3.2
Dodging        | 3 |  3.4

Action                   |  1- 3 |  4- 6 |  7- 9 || total
-------------------------+-------+-------+-------++-------
Melee: Hand axe          |    71 |    76 |    82 ||   229
  Use: Potion            |       |       |     3 ||     3
 Stab: Sleeping          |     3 |     2 |       ||     5
Armor: Leather armour    |    18 |    26 |       ||    44
       Scale mail        |       |       |    33 ||    33
       Robe              |       |       |     6 ||     6
Dodge: Dodged            |    36 |    57 |    42 ||   135

Table legend: (Time is in decaauts)
 A = Elapsed time spent in this place.
 B = Non-inter-level travel time spent in this place.
 C = Inter-level travel time spent in this place.
 D = Time resting spent in this place.
 E = Time spent auto-exploring this place.
 F = Levels seen in this place.
 G = Mean time per level.
                   A        B        C        D        E       F      G
               +--------+--------+--------+--------+--------+-----+--------+
         Total |   3332 |   3221 |    111 |    174 |   1832 |   6 |  555.3 |
       Dungeon |   3321 |   3210 |    111 |    174 |   1832 |   5 |  664.2 |
       Ossuary |     11 |     11 |      0 |      0 |      0 |   1 |   11.0 |
               +--------+--------+--------+--------+--------+-----+--------+

Top non-repeatable levels by time:
     D:1: 830 daAuts
     D:2: 818 daAuts
     D:3: 743 daAuts
     D:5: 700 daAuts
     D:4: 227 daAuts
 Ossuary: 11 daAuts
